Map: [ESL] Hardwire

Players

Ryung

  • Race: Terran Terran

ShoWTimE - Winner!

  • Race: Protoss Protoss

Event: IEM Katowice 2022

VOD

Have the link to the VOD?

Description

Time

  • Played on: Feb. 24, 2022, 1:19 p.m.
  • Length: 14:54

All games in this series

Show
View Real Time Build Order
Export as new Build Order

Ryung Terran 

Build Orders: Cyclone Opening 

Get SALT Encoding   

  12  0:00  SCV  
  13  0:12  SCV  
  14  0:16  Supply Depot  
  14  0:24  SCV  
  15  0:38  SCV  
  15  0:39  Barracks  
  16  0:43  Refinery  
  16  0:50  SCV  
  16  0:52  Refinery  
  17  1:02  SCV  
  18  1:14  SCV  
  19  1:22  Supply Depot  
  19  1:26  Reaper, Orbital Command  
  20  1:41  Factory  
  20  1:53  SCV  
  21  2:00  Barracks Reactor  
  21  2:05  SCV  
  22  2:16  Command Center  
  22  2:18  SCV  
  23  2:24  Factory Tech Lab  
  23  2:30  SCV  
  23  2:35  Marine x2  
  26  2:42  SCV  
  26  2:43  Cyclone  
  30  2:46  Supply Depot  
  30  2:54  SCV  
  31  2:58  Barracks  
  31  3:08  SCV, Marine x2  
  34  3:20  SCV  
  34  3:22  Barracks  
  34  3:26  Marine  
  34  3:27  Marine  
  36  3:31  Orbital Command  
  36  3:32  SCV  
  38  3:41  Engineering Bay  
  38  3:44  SCV  
  38  3:46  Barracks Tech Lab  
  38  3:48  Marine x2  
  41  3:56  SCV  
  41  3:57  SCV  
  43  4:05  Marine  
  43  4:06  Supply Depot, Marine, Stimpack  
  43  4:08  Combat Shield  
  45  4:14  Terran Infantry Weapons Level 1  
  45  4:16  SCV x2  
  47  4:18  Marine  
  47  4:20  Marine  
  49  4:27  Factory Reactor, Starport  
  49  4:29  SCV  
  49  4:30  SCV  
  51  4:35  Supply Depot  
  51  4:40  Marine  
  51  4:41  SCV, Marine x2  
  51  4:42  SCV, Marine  
  57  4:48  Supply Depot  
  57  4:53  SCV  
  57  4:54  SCV  
  59  5:04  Marine x2, Marauder x2  
  64  5:11  Factory Reactor  
  64  5:12  SCV x2  
  64  5:14  Medivac x2  
  68  5:17  Supply Depot  
  68  5:18  Refinery  
  68  5:21  Supply Depot  
  70  5:24  Marine  
  70  5:25  Marine, Marauder  
  70  5:26  Marauder  
  76  5:34  SCV x2  
  78  5:36  Bunker  
  78  5:37  Supply Depot  
  78  5:44  Marine  
  78  5:45  Marine, Medivac  
  78  5:47  Marauder x2  
  86  5:51  Medivac  
  84  6:01  Widow Mine x2  
  87  6:08  Marine x2  
  87  6:09  Marauder x2  
  87  6:11  Command Center  
  93  6:14  Supply Depot  
  93  6:19  SCV  
  93  6:20  SCV  
  93  6:21  Refinery  
  93  6:25  Widow Mine x2  
  99  6:27  Medivac  
  101  6:36  Medivac  
  93  6:48  SCV x2  
  93  6:51  Marauder x2  
  93  6:52  Barracks  
  99  6:56  Terran Infantry Armor Level 1  
  99  6:57  Barracks  
  99  7:00  SCV x2  
  99  7:01  Marine x2  
  101  7:06  Supply Depot  
  103  7:12  Marauder x2  
  107  7:17  Armory  
  107  7:19  Marine x2  
  107  7:21  SCV  
  110  7:22  SCV  
  110  7:23  Ghost Academy  
  108  7:34  SCV  
  108  7:35  SCV  
  110  7:37  Marauder x2, Marine x2  
  110  7:42  Engineering Bay  
  116  7:44  Orbital Command  
  116  7:46  SCV  
  117  7:57  Barracks Tech Lab, Marine x2  
  117  7:58  Barracks Reactor  
  119  7:59  SCV x2  
  119  8:04  Ghost x2  
  125  8:11  SCV x2, Terran Infantry Weapons Level 2  
  127  8:14  Widow Mine  
  127  8:18  Ghost  
  127  8:19  SCV  
  132  8:24  Supply Depot  
  132  8:29  Supply Depot  
  132  8:30  Supply Depot  
  132  8:43  Ghost, Refinery x2  
  132  8:45  SCV, Ghost  
  132  8:46  SCV x2  
  137  8:54  Concussive Shells  
  136  8:58  Ghost  
  136  8:59  Marine x4  
  136  9:00  SCV x2  
  136  9:02  SCV  
  142  9:10  Terran Infantry Armor Level 2  
  142  9:12  SCV  
  142  9:15  Marauder x2  
  147  9:18  Marine x4  
  147  9:21  SCV x2  
  147  9:22  Command Center  
  153  9:24  SCV  
  153  9:27  Supply Depot  
  153  9:28  Supply Depot, Marauder  
  156  9:32  Supply Depot x2  
  156  9:35  Marine  
  146  9:46  Marauder x2, Marine x3  
  153  9:59  Marauder  
  147  10:02  SCV x3  
  147  10:04  Barracks, Medivac  
  147  10:05  Barracks x2  
  147  10:06  Widow Mine  
  152  10:07  Marauder  
  152  10:08  Medivac  
  156  10:20  Ghost x2  
  160  10:22  Marine x3  
  160  10:26  Widow Mine  
  160  10:27  Widow Mine  
  163  10:48  Widow Mine x2, Marine  
  163  10:49  Marine x4, Marauder x2  
  168  10:58  Terran Infantry Weapons Level 3  
  168  11:01  Barracks Tech Lab  
  168  11:02  Barracks Reactor, Barracks Tech Lab  
  168  11:03  SCV x2  
  170  11:07  Medivac x2  
  170  11:11  Starport  
  174  11:13  Planetary Fortress, Marauder x2  
  176  11:23  Marauder x3  
  176  11:24  Marine x3  
  176  11:25  Marine  
  179  11:33  Marine  
  179  11:34  Marine  
  164  11:48  Ghost x3, Marine  
  164  11:49  Marine x4  
  164  11:50  Marine  
  164  11:51  Medivac x2  
  164  11:53  SCV x2  
  182  11:55  SCV  
  182  11:56  SCV  
  184  12:02  Widow Mine  
  184  12:03  Missile Turret  
  184  12:05  SCV  
  187  12:19  Sensor Tower  
  187  12:28  Widow Mine  
  187  12:29  Widow Mine  
  184  12:38  Marine x3  
  184  12:39  Marauder x2  
  184  12:40  Marauder x3  
  184  12:43  Missile Turret, SCV  
  181  13:05  Marauder  
  181  13:09  SCV  
  181  13:10  Marauder  
  181  13:12  Marauder  
  180  13:14  Marauder  
  180  13:18  Command Center  
  180  13:19  Marauder  
  163  13:27  Marauder  
  163  13:32  Marauder  
  163  13:33  Marauder  
  152  13:34  Marine x2  
  152  13:35  Marine, Marauder  
  152  13:36  Marine x3  
  152  13:40  Marauder  
  158  13:47  SCV  
  154  13:48  Marauder  
  154  13:49  SCV  
  154  13:51  Medivac  
  154  13:52  Marine x3  
  154  13:53  Marauder, Medivac  
  154  13:54  Marine  
  165  14:00  SCV x2  
  165  14:01  SCV  
  168  14:03  Widow Mine x2  
  143  14:22  Marauder x2  
  143  14:23  Marine x3  
  137  14:24  Marine  
  137  14:25  Marine x3  
  137  14:29  Marine x2  
  147  14:39  Missile Turret  
Show
View Real Time Build Order
Export as new Build Order

ShoWTimE Protoss - Winner!

Build Orders: 1 Gate Expand, Oracle Opening 

Get SALT Encoding   

  12  0:00  Probe  
  13  0:12  Probe  
  14  0:16  Pylon  
  14  0:24  Probe (Chrono Boost)  
  15  0:34  Gateway  
  15  0:36  Probe (Chrono Boost)  
  16  0:45  Probe (Chrono Boost)  
  16  0:46  Assimilator  
  17  0:50  Probe  
  18  1:03  Probe  
  19  1:15  Probe  
  20  1:22  Nexus  
  20  1:31  Cybernetics Core  
  20  1:34  Probe  
  21  1:40  Assimilator  
  21  1:46  Probe  
  22  1:50  Pylon  
  22  1:59  Probe  
  23  2:05  Adept (Chrono Boost)  
  24  2:11  Probe  
  25  2:18  Stargate  
  25  2:23  Probe (Chrono Boost)  
  25  2:25  Adept (Chrono Boost)  
  28  2:34  Probe (Chrono Boost)  
  28  2:35  Warp Gate  
  30  2:41  Probe (Chrono Boost)  
  30  2:43  Probe (Chrono Boost)  
  31  2:48  Probe (Chrono Boost)  
  31  2:49  Shield Battery  
  31  2:51  Adept  
  34  2:53  Probe  
  35  2:59  Probe  
  35  3:01  Oracle (Chrono Boost)  
  39  3:06  Probe  
  39  3:11  Probe  
  41  3:15  Pylon  
  41  3:19  Probe  
  42  3:23  Probe  
  43  3:31  Probe  
  43  3:33  Twilight Council  
  44  3:35  Probe  
  44  3:40  Gateway  
  45  3:42  Gateway  
  45  3:43  Probe  
  45  3:47  Probe  
  47  3:51  Pylon  
  47  3:55  Probe  
  48  4:00  Probe  
  49  4:05  Blink (Chrono Boost)  
  49  4:06  Nexus  
  49  4:10  Pylon  
  49  4:17  Probe x2  
  51  4:24  Stalker  
  51  4:29  Probe  
  51  4:30  Assimilator  
  54  4:33  Probe  
  54  4:34  Stalker  
  54  4:36  Stalker  
  59  4:41  Probe  
  59  4:42  Forge  
  59  4:45  Probe  
  61  4:56  Probe  
  61  4:59  Stalker x3  
  68  5:05  Probe, Protoss Ground Weapons Level 1 (Chrono Boost)  
  69  5:08  Probe  
  70  5:16  Pylon  
  70  5:22  Stalker x3  
  70  5:23  Shield Battery  
  70  5:25  Probe  
  70  5:26  Probe x2  
  79  5:36  Gateway  
  79  5:37  Gateway  
  79  5:45  Stalker x3  
  79  5:48  Probe x2  
  79  5:49  Probe  
  88  5:53  Charge (Chrono Boost)  
  88  5:56  Gateway  
  88  6:12  Gateway  
  88  6:13  Probe x2  
  88  6:14  Pylon  
  88  6:15  Gateway  
  88  6:16  Forge, Zealot  
  88  6:17  Pylon  
  92  6:24  Pylon  
  92  6:28  Probe  
  92  6:29  Pylon  
  92  6:32  Sentry, Probe x2  
  95  6:33  Sentry x2  
  101  6:46  Stalker x2  
  105  6:48  Probe x2  
  105  6:49  Probe  
  105  6:52  Zealot, Assimilator  
  110  6:56  Pylon  
  110  6:58  Nexus  
  110  7:01  Zealot x3  
  110  7:06  Assimilator  
  113  7:11  Zealot x4  
  121  7:20  Zealot  
  121  7:21  Probe  
  124  7:28  Protoss Ground Armor Level 1 (Chrono Boost)  
  124  7:30  Stalker x3  
  130  7:37  Protoss Ground Weapons Level 2 (Chrono Boost)  
  130  7:38  Pylon  
  130  7:39  Robotics Facility  
  130  7:44  Photon Cannon  
  130  7:45  Shield Battery  
  130  7:48  Pylon  
  130  7:50  Shield Battery  
  130  8:00  Probe x2  
  130  8:01  Probe, Assimilator  
  130  8:05  Gateway  
  133  8:06  Stalker, Gateway  
  133  8:08  Pylon  
  133  8:10  Zealot x6  
  133  8:11  Zealot  
  133  8:12  Probe x2  
  151  8:13  Probe  
  152  8:20  Photon Cannon  
  152  8:24  Pylon  
  152  8:27  Robotics Bay  
  152  8:29  Robotics Facility, Observer (Chrono Boost)  
  153  8:38  Zealot x4  
  153  8:40  Probe  
  158  8:55  Shield Battery  
  158  8:58  Pylon  
  158  9:06  Stalker x4  
  158  9:07  Stalker x4, Pylon  
  172  9:13  Disruptor (Chrono Boost)  
  172  9:14  Disruptor (Chrono Boost)  
  175  9:22  Protoss Ground Armor Level 2 (Chrono Boost)  
  175  9:23  Pylon  
  178  9:33  Stalker x4  
  178  9:34  Stalker x3  
  190  9:45  Disruptor  
  190  9:49  Zealot x3  
  197  9:57  Observer  
  195  10:03  Pylon  
  195  10:07  Assimilator  
  195  10:09  Dark Shrine, Assimilator  
  195  10:15  Disruptor  
  195  10:16  Pylon  
  196  10:22  Protoss Ground Weapons Level 3 (Chrono Boost)  
  196  10:31  Probe  
  196  10:32  Probe  
  196  10:33  Probe x2  
  198  11:04  Gateway  
  198  11:06  Gateway x2, Nexus  
  198  11:07  Warp Prism, Pylon  
  198  11:08  Gateway  
  198  11:09  Gateway  
  200  11:14  Gateway  
  200  11:20  Shadow Stride (Chrono Boost)  
  198  11:32  Gateway  
  194  11:33  Gateway  
  194  11:36  Pylon  
  175  11:41  Disruptor (Chrono Boost)  
  165  11:47  Zealot x10  
  165  11:50  Disruptor (Chrono Boost)  
  182  11:56  Robotics Facility  
  182  12:08  Dark Templar x2  
  182  12:09  Zealot x5, Dark Templar  
  182  12:10  Zealot  
  193  12:40  Disruptor  
  193  12:42  Zealot x4  
  200  12:51  Zealot  
  198  13:05  Nexus  
  196  13:14  Disruptor  
  188  13:21  Zealot x10  
  181  13:37  Disruptor (Chrono Boost)  
  177  13:44  Warp Prism (Chrono Boost)  
  177  13:47  Dark Templar x3  
  177  13:48  Zealot x6  
  187  13:50  Disruptor (Chrono Boost)  
  187  13:54  Pylon  
  196  13:56  Photon Cannon  
  196  13:58  Photon Cannon  
  193  14:10  Disruptor  
  174  14:24  Zealot x13  
  174  14:25  Zealot x2  
  172  14:47  Zealot x7  
  172  14:48  Zealot x5  

Tags
 
Add a new tag
Caveats
  • Supply blocks, unpowered buildings, or Contaminate may cause inaccurate times.
  • Supply counts are checked every 10 seconds.